 Dungeon Crawl Stone Soup version 0.32-a0-975-g85d4e5bfdb (webtiles) character file.

Game seed: 15947698497567943906

1 ezpacito the Chopper (level 1, -2/18 HPs)
             Began as a Coglin Chaos Knight on Apr 19, 2024.
             Was a Plaything of Xom.
             Slain by a gnoll
             ... wielding a +0 whip
              (9 damage)
             ... on level 1 of the Dungeon.
             The game lasted 00:00:05 (28 turns).

ezpacito the Chopper (Coglin Chaos Knight)            Turns: 28, Time: 00:00:06

Health: -2/18      AC:  5    Str: 12    XL:     1   Next: 20%
Magic:  1/1        EV: 10    Int: 11    God:    Xom [..*...]
Gold:   0          SH:  0    Dex: 13    Spells: 0/0 levels left

rFire   . . .        a - +0 hand axe (chaos) {Fredrik}
rCold   . . .        d - +0 dagger {Sebastián}
rNeg    . . .        b - +2 leather armour
rPois   .            (no helmet)
rElec   .            (no cloak)
rCorr   .            (no gloves)
SInv    .            (no boots)
Will    .....        (amulet unavailable)
Stlth   +            (ring unavailable)
HPRegen 0.23/turn    (ring unavailable)
MPRegen 0.07/turn    (no gizmo)

%: no passive effects
@: revved
A: off-hand wielding, slow wielding, warmup strikes, no jewellery
a: Invent Gizmo, Renounce Religion


You were on level 1 of the Dungeon.
You worshipped Xom.
You were a toy of Xom.
You visited 1 branch of the dungeon, and saw 1 of its levels.

Inventory:

Hand Weapons
 a - a +0 hand axe of chaos (weapon) {Fredrik}
 d - a +0 dagger (offhand) {Sebastián}
Armour
 b - a +2 leather armour (worn)
Scrolls
 c - a scroll of butterflies
 e - a scroll of blinking {unknown}
Potions
 f - a potion of haste {unknown}


   Skills:
 * Level 3.0 Fighting
 * Level 3.0 Axes
 * Level 0.0(1.5) Polearms
 * Level 1.7 Armour
 * Level 0.9 Dodging
 + Level 0.0 Stealth
 + Level 0.0 Spellcasting


You couldn't memorise any spells.
You didn't know any spells.
Your spell library was empty.

Dungeon Overview and Level Annotations

Branches:
Dungeon (1/15)

Altars:


Innate Abilities, Weirdness & Mutations

You can wield a second weapon in your off-hand.
It takes a long time for you to wield or remove held weapons.
Your first few attacks do less damage.
You cannot equip rings or amulets.


Message History

You hit the hobgoblin with your +0 hand axe of chaos.
The hobgoblin looks weaker.
The hobgoblin is almost dead.
You barely miss the hobgoblin with your +0 dagger.
The hobgoblin hits you but does no damage.
You barely miss the hobgoblin with your +0 hand axe of chaos.
The hobgoblin is almost dead.
You hit the hobgoblin but do no damage. The hobgoblin closely misses you.
You hit the hobgoblin but do no damage.
Lightning courses through the hobgoblin!
You kill the hobgoblin!
You barely miss the gnoll with your +0 hand axe of chaos.
The gnoll hits you but does no damage.
You barely miss the gnoll with your +0 dagger.
You hit the gnoll with your +0 hand axe of chaos.
The gnoll convulses.
The gnoll hits you with a +0 whip!
A shower of butterflies erupts from you!
You take 7 damage, and have 11/18 hp.
MASSIVE DAMAGE!!
You are too injured to fight recklessly!
You are too injured to fight recklessly!
You are too injured to fight recklessly!
You are too injured to fight recklessly!
You are too injured to fight recklessly!
The gnoll attacks as it pursues you! The gnoll hits you with a +0 whip.
You take 2 damage, and have 9/18 hp.
You barely miss the gnoll with your +0 dagger.
The gnoll is moderately wounded.
You hit the gnoll with your +0 hand axe of chaos.
The gnoll suddenly seems more resistant.
Xom is amused.
The gnoll hits you with a +0 whip.
You take 2 damage, and have 7/18 hp.
You hit the gnoll but do no damage.
The gnoll is severely wounded.
You hit the gnoll but do no damage. The gnoll barely misses you.
You hit the gnoll with your +0 dagger.
The gnoll is severely wounded.
You hit the gnoll but do no damage. The gnoll hits you with a +0 whip!
Ouch! That really hurt!
You die...

##..#..# .....#..#
......#.# .. ....
#####......#..... [...
....#......#...#..... .
#.#b.#.....#...#.....
....##.#bb.##...........
...g..†bg@.b.##..#.#..#
....####.#.#....#.#.#..
. ..######.......#<#..
#......(##....#.#.#
#######....##..#.#..#
#..##...........
#.#.....#...#.....
..#......#...#.....
###......#.....#....


You could see a gnoll (resistant, ally target) and a goblin.

Vanquished Creatures
  A hobgoblin (D:1)
1 creature vanquished.

Notes
Turn   | Place    | Note
-------+----------+-------------------------------------------
     0 | D:1      | ezpacito the Coglin Chaos Knight began the quest for the
                  | Orb.
     0 | D:1      | Reached XP level 1. HP: 18/18 MP: 1/1
    23 | D:1      | XOM: butterfly on damage
    28 | D:1      | Slain by a gnoll

Illustrated notes

Levels and vault maps discovered:
D:1:      spicycebolla_arrival_xxxplode, layout_loops_cross

Action                     || total
---------------------------++-------
  Melee: Hand axe          ||     7
         Dagger            ||     6
 Armour: Leather armour    ||     7
  Dodge: Dodged            ||     2

Table legend: (Time is in decaauts)
 A = Elapsed time spent in this place.
 B = Non-inter-level travel time spent in this place.
 C = Inter-level travel time spent in this place.
 D = Time resting spent in this place.
 E = Time spent auto-exploring this place.
 F = Levels seen in this place.
 G = Mean time per level.
                   A        B        C        D        E       F      G
               +--------+--------+--------+--------+--------+-----+--------+
         Total |     28 |     28 |      0 |      0 |     14 |   1 |   28.0 |
       Dungeon |     28 |     28 |      0 |      0 |     14 |   1 |   28.0 |
               +--------+--------+--------+--------+--------+-----+--------+

Top non-repeatable levels by time:
     D:1: 28 daAuts
